[ AOE2 MATCH · #479236092 ]
UnrankedSaracens vs Bohemians
[ REPLAY ANALYSIS · EXTRACTED FROM THE RECORDED GAME ]
Feudal
10:41
Castle
17:29
Imperial
—
| APM avg | 24.8 |
| APM peak | 42 |
| eAPM avg | 14.5 |
| Villagers / military | 34 / 0 |
Focus
⚔️ 11.5% · 🌾 88.5%
Feudal
10:07
Castle
14:27
Imperial
—
| APM avg | 34.7 |
| APM peak | 63 |
| eAPM avg | 20.2 |
| Villagers / military | 80 / 1 |
Focus
⚔️ 29.5% · 🌾 70.5%
Monk ×1
Feudal
12:01
Castle
15:57
Imperial
—
| APM avg | 26.6 |
| APM peak | 51 |
| eAPM avg | 15.6 |
| Villagers / military | 85 / 2 |
Focus
⚔️ 5.0% · 🌾 95.0%
Monk ×2
Feudal
15:22
Castle
—
Imperial
—
| APM avg | 9.1 |
| APM peak | 16 |
| eAPM avg | 6.1 |
| Villagers / military | 37 / 9 |
Focus
⚔️ 12.9% · 🌾 87.1%
Militia ×3 · Scout Cavalry ×3 · Archer ×2 · Spearman ×1
Feudal
11:28
Castle
20:30
Imperial
—
| APM avg | 41.3 |
| APM peak | 64 |
| eAPM avg | 19.3 |
| Villagers / military | 37 / 10 |
Focus
⚔️ 28.2% · 🌾 71.8%
Knight ×4 · Militia ×3 · Mangonel ×2 · Spearman ×1
Feudal
10:08
Castle
—
Imperial
—
| APM avg | 46.6 |
| APM peak | 86 |
| eAPM avg | 15.3 |
| Villagers / military | 41 / 26 |
Focus
⚔️ 26.4% · 🌾 73.6%
Archer ×21 · Militia ×5
Feudal
11:54
Castle
17:32
Imperial
—
| APM avg | 28.9 |
| APM peak | 78 |
| eAPM avg | 12.4 |
| Villagers / military | 84 / 0 |
Focus
⚔️ 0.8% · 🌾 99.2%
Feudal
13:26
Castle
—
Imperial
—
| APM avg | 13.9 |
| APM peak | 32 |
| eAPM avg | 8.8 |
| Villagers / military | 36 / 13 |
Focus
⚔️ 18.8% · 🌾 81.2%
Scout Cavalry ×7 · Militia ×4 · Spearman ×2
Match map
Initial resources + every placement click. Lines = walls · curves = elevation contours. ◆ gold · ⬟ stone · ● berries · ✦ relic · ◌ wall gap
Your base· Open — 4t gap
秦端雨's base· Open — unwalled flank
大腿火热's base· Open — unwalled flank
MrDaor's base· Open — unwalled flank
Mr.金大班's base· Open — unwalled flank
旺德發's base· ✓ Closed at 23:14 · 19t walls · fragile
ramizeta's base· Open — unwalled flank
michelakus's base· Open — unwalled flank
Smoothed initial terrain · ◌ = detected wall gap · hover for details
Inputs per minute
— Mr. Nomad - - 秦端雨
Build order — Mr. Nomad
85 actions detected in the replay
| 0:01 | Create | Villager (Male) |
| 0:01 | Create | Villager (Male) |
| 0:02 | Create | Villager (Male) |
| 0:03 | Build | House |
| 0:05 | Build | House |
| 1:13 | Create | Villager (Male) |
| 1:47 | Create | Villager (Male) |
| 2:22 | Build | Palisade Wall |
| 2:28 | Create | Villager (Male) |
| 3:13 | Create | Villager (Male) |
| 3:25 | Create | Villager (Male) |
| 3:52 | Create | Villager (Male) |
| 4:14 | Build | Lumber Camp |
| 4:20 | Create | Villager (Male) |
| 5:01 | Create | Villager (Male) |
| 5:27 | Create | Villager (Male) |
| 5:54 | Create | Villager (Male) |
| 6:00 | Build | House |
| 6:17 | Research | Loom |
| 6:31 | Create | Villager (Male) |
| 6:38 | Build | Mill |
| 7:02 | Create | Villager (Male) |
| 7:39 | Create | Villager (Male) |
| 8:06 | Create | Villager (Male) |
| 8:19 | Research | Feudal Age |
| 8:25 | Build | Mining Camp |
| 9:02 | Build | House |
| 9:10 | Build | Farm |
| 9:17 | Build | Farm |
| 9:25 | Build | Farm |
| 9:31 | Build | Farm |
| 10:07 | Build | Farm |
| 10:41 | Age | Feudal Age |
| 10:56 | Create | Villager (Male) |
| 10:57 | Create | Villager (Male) |
| 11:08 | Build | Stone Wall |
| 11:09 | Build | Stone Wall |
| 11:28 | Build | Stone Wall |
| 11:35 | Build | Stone Wall |
| 11:52 | Create | Villager (Male) |
| 11:52 | Create | Villager (Male) |
| 12:14 | Build | Stone Wall |
| 12:21 | Build | Stone Wall |
| 12:33 | Build | Stone Wall |
| 12:45 | Build | House |
| 12:49 | Build | House |
| 13:08 | Build | Farm |
| 13:10 | Build | Farm |
| 13:15 | Build | Farm |
| 13:32 | Build | Farm |
| 13:46 | Build | Blacksmith |
| 13:50 | Build | Market |
| 14:49 | Research | Castle Age |
| 14:58 | Build | Stone Wall |
| 15:09 | Build | Mining Camp |
| 15:18 | Build | Stone Wall |
| 16:02 | Build | House |
| 16:22 | Build | Stone Wall |
| 16:29 | Build | House |
| 16:47 | Create | Villager (Male) |
| 16:47 | Create | Villager (Male) |
| 17:29 | Age | Castle Age |
| 17:30 | Research | Stone Mining |
| 17:56 | Build | Stone Wall |
| 18:33 | Create | Villager (Male) |
| 18:38 | Build | House |
| 19:09 | Build | House |
| 19:24 | Create | Villager (Male) |
| 19:25 | Create | Villager (Male) |
| 20:11 | Build | House |
| 20:20 | Build | Palisade Wall |
| 20:55 | Build | Stone Wall |
| 21:17 | Build | Stone Wall |
| 21:20 | Build | Stone Wall |
| 21:20 | Build | Stone Wall |
| 21:51 | Build | Castle |
| 21:57 | Create | Villager (Male) |
| 21:57 | Create | Villager (Male) |
| 21:57 | Create | Villager (Male) |
| 21:57 | Create | Villager (Male) |
| 21:58 | Create | Villager (Male) |
| 22:31 | Build | Watch Tower |
| 22:59 | Create | Villager (Male) |
| 23:00 | Create | Villager (Male) |
| 23:00 | Create | Villager (Male) |
Build order — 秦端雨
First 150 of 166 actions detected
| 0:01 | Create | Villager (Male) |
| 0:02 | Create | Villager (Male) |
| 0:03 | Build | House |
| 0:04 | Build | House |
| 0:16 | Create | Villager (Male) |
| 0:16 | Create | Villager (Male) |
| 1:28 | Create | Villager (Male) |
| 2:05 | Create | Villager (Male) |
| 2:14 | Create | Villager (Male) |
| 2:14 | Create | Villager (Male) |
| 2:53 | Create | Villager (Male) |
| 2:53 | Create | Villager (Male) |
| 2:54 | Create | Villager (Male) |
| 2:54 | Create | Villager (Male) |
| 3:25 | Create | Villager (Male) |
| 3:44 | Create | Villager (Male) |
| 3:52 | Build | House |
| 4:47 | Build | Lumber Camp |
| 4:51 | Create | Villager (Male) |
| 4:51 | Create | Villager (Male) |
| 4:51 | Create | Villager (Male) |
| 4:52 | Create | Villager (Male) |
| 4:53 | Create | Villager (Male) |
| 5:23 | Create | Villager (Male) |
| 5:27 | Build | Mill |
| 5:36 | Create | Villager (Male) |
| 6:20 | Build | House |
| 7:57 | Research | Feudal Age |
| 8:39 | Create | Villager (Male) |
| 8:39 | Create | Villager (Male) |
| 8:48 | Build | Mining Camp |
| 9:00 | Build | Barracks |
| 9:20 | Create | Villager (Male) |
| 9:48 | Build | House |
| 10:07 | Create | Villager (Male) |
| 10:07 | Age | Feudal Age |
| 10:32 | Build | Stable |
| 10:33 | Create | Villager (Male) |
| 11:12 | Build | Blacksmith |
| 11:39 | Build | Palisade Gate |
| 11:40 | Build | Palisade Wall |
| 11:43 | Research | Castle Age |
| 12:17 | Research | Double-Bit Axe |
| 12:33 | Create | Villager (Male) |
| 13:03 | Build | Lumber Camp |
| 13:09 | Build | Lumber Camp |
| 13:13 | Create | Villager (Male) |
| 13:25 | Build | House |
| 14:01 | Create | Villager (Male) |
| 14:01 | Create | Villager (Male) |
| 14:27 | Age | Castle Age |
| 14:35 | Build | Town Center |
| 14:38 | Create | Villager (Male) |
| 14:50 | Build | Town Center |
| 15:03 | Build | Farm |
| 15:18 | Create | Villager (Male) |
| 15:31 | Build | Farm |
| 15:40 | Build | Monastery |
| 15:44 | Build | Farm |
| 16:09 | Create | Villager (Male) |
| 16:11 | Build | Farm |
| 16:31 | Create | Villager (Male) |
| 16:43 | Build | Farm |
| 16:45 | Research | Fervor |
| 16:48 | Build | Farm |
| 16:51 | Build | Farm |
| 16:52 | Build | Farm |
| 16:59 | Create | Villager (Male) |
| 17:07 | Build | Farm |
| 17:15 | Build | Farm |
| 17:17 | Create | Villager (Male) |
| 17:26 | Build | Farm |
| 17:32 | Build | Farm |
| 17:41 | Create | Villager (Male) |
| 17:43 | Build | Farm |
| 17:49 | Create | Villager (Male) |
| 17:51 | Research | Loom |
| 17:57 | Create | Villager (Male) |
| 18:02 | Build | Farm |
| 18:07 | Create | Villager (Male) |
| 18:40 | Create | Villager (Male) |
| 18:40 | Create | Villager (Male) |
| 18:41 | Create | Villager (Male) |
| 18:41 | Create | Villager (Male) |
| 18:41 | Create | Villager (Male) |
| 18:43 | Create | Monk |
| 18:49 | Build | Farm |
| 18:50 | Build | Farm |
| 19:06 | Create | Villager (Male) |
| 19:06 | Create | Villager (Male) |
| 19:09 | Build | House |
| 19:10 | Build | House |
| 19:13 | Research | Horse Collar |
| 19:19 | Research | Wheelbarrow |
| 19:23 | Build | House |
| 19:23 | Build | House |
| 19:27 | Build | Farm |
| 19:30 | Build | Farm |
| 19:31 | Create | Villager (Male) |
| 19:36 | Create | Villager (Male) |
| 19:50 | Create | Villager (Male) |
| 19:57 | Build | Farm |
| 19:58 | Create | Villager (Male) |
| 20:05 | Create | Villager (Male) |
| 20:05 | Create | Villager (Male) |
| 20:08 | Build | Farm |
| 20:14 | Create | Villager (Male) |
| 20:17 | Build | Farm |
| 20:18 | Build | Farm |
| 20:19 | Create | Villager (Male) |
| 20:24 | Create | Villager (Male) |
| 20:24 | Create | Villager (Male) |
| 20:28 | Build | Town Center |
| 20:50 | Create | Villager (Male) |
| 20:51 | Create | Villager (Male) |
| 20:52 | Create | Villager (Male) |
| 20:56 | Build | Farm |
| 20:57 | Create | Villager (Male) |
| 20:57 | Create | Villager (Male) |
| 21:00 | Build | University |
| 21:01 | Create | Villager (Male) |
| 21:01 | Create | Villager (Male) |
| 21:07 | Build | Farm |
| 21:17 | Create | Villager (Male) |
| 21:21 | Build | Farm |
| 21:27 | Research | Bow Saw |
| 21:28 | Create | Villager (Male) |
| 21:29 | Create | Villager (Male) |
| 21:35 | Build | Farm |
| 21:36 | Create | Villager (Male) |
| 21:47 | Build | Farm |
| 21:47 | Build | Farm |
| 21:48 | Build | Farm |
| 21:51 | Build | House |
| 21:51 | Build | House |
| 22:18 | Create | Villager (Male) |
| 22:18 | Create | Villager (Male) |
| 22:25 | Build | Farm |
| 22:28 | Build | Farm |
| 22:28 | Build | Farm |
| 22:28 | Build | Farm |
| 22:28 | Build | Farm |
| 22:28 | Build | Farm |
| 22:28 | Build | Farm |
| 22:28 | Build | Farm |
| 22:32 | Create | Villager (Male) |
| 22:32 | Create | Villager (Male) |
| 22:38 | Build | Farm |
| 22:43 | Build | Farm |
| 22:56 | Create | Villager (Male) |
Build order — 大腿火热
First 150 of 165 actions detected
| 0:03 | Create | Villager (Male) |
| 0:04 | Build | House |
| 0:06 | Build | House |
| 0:18 | Create | Villager (Male) |
| 0:19 | Create | Villager (Male) |
| 0:57 | Create | Villager (Male) |
| 1:27 | Create | Villager (Male) |
| 1:28 | Create | Villager (Male) |
| 2:06 | Create | Villager (Male) |
| 2:18 | Create | Villager (Male) |
| 3:02 | Create | Villager (Male) |
| 3:07 | Build | Lumber Camp |
| 3:35 | Create | Villager (Male) |
| 3:37 | Build | House |
| 4:01 | Create | Villager (Male) |
| 4:21 | Research | Loom |
| 4:37 | Create | Villager (Male) |
| 4:51 | Create | Villager (Male) |
| 5:01 | Build | House |
| 5:28 | Create | Villager (Male) |
| 5:28 | Create | Villager (Male) |
| 5:33 | Create | Villager (Male) |
| 5:56 | Create | Villager (Male) |
| 6:29 | Create | Villager (Male) |
| 6:33 | Create | Villager (Male) |
| 6:48 | Create | Villager (Male) |
| 6:48 | Create | Villager (Male) |
| 7:28 | Build | Mill |
| 7:30 | Create | Villager (Male) |
| 7:50 | Build | House |
| 8:13 | Create | Villager (Male) |
| 9:07 | Build | Mining Camp |
| 9:21 | Build | Lumber Camp |
| 9:39 | Research | Feudal Age |
| 9:59 | Create | Villager (Male) |
| 12:01 | Age | Feudal Age |
| 12:05 | Build | Market |
| 12:10 | Build | Blacksmith |
| 12:12 | Create | Villager (Male) |
| 12:36 | Research | Horse Collar |
| 12:52 | Create | Villager (Male) |
| 13:03 | Build | House |
| 13:04 | Build | House |
| 13:15 | Research | Castle Age |
| 13:19 | Build | Mining Camp |
| 13:33 | Research | Double-Bit Axe |
| 13:36 | Build | Farm |
| 13:38 | Build | Farm |
| 13:41 | Build | Farm |
| 13:51 | Build | Farm |
| 14:01 | Build | House |
| 14:02 | Build | House |
| 14:27 | Research | Stone Mining |
| 15:03 | Build | House |
| 15:06 | Build | House |
| 15:13 | Research | Gold Mining |
| 15:50 | Build | Farm |
| 15:55 | Build | Farm |
| 15:57 | Age | Castle Age |
| 16:01 | Build | Town Center |
| 16:02 | Create | Villager (Male) |
| 16:06 | Build | Town Center |
| 16:08 | Create | Villager (Male) |
| 16:14 | Create | Villager (Male) |
| 16:44 | Research | Bow Saw |
| 16:53 | Build | Town Center |
| 16:57 | Build | Farm |
| 17:09 | Create | Villager (Male) |
| 17:28 | Create | Villager (Male) |
| 17:30 | Build | Farm |
| 17:45 | Create | Villager (Male) |
| 17:47 | Build | Farm |
| 17:48 | Build | Farm |
| 17:51 | Build | Farm |
| 17:54 | Create | Villager (Male) |
| 17:56 | Build | Farm |
| 18:07 | Build | Farm |
| 18:11 | Build | Farm |
| 18:14 | Create | Villager (Male) |
| 18:18 | Build | Farm |
| 18:24 | Create | Villager (Male) |
| 18:44 | Create | Villager (Male) |
| 18:47 | Build | Farm |
| 18:49 | Build | Farm |
| 18:50 | Create | Villager (Male) |
| 18:59 | Build | Farm |
| 19:04 | Build | Farm |
| 19:06 | Create | Villager (Male) |
| 19:12 | Create | Villager (Male) |
| 19:17 | Create | Villager (Male) |
| 19:24 | Build | Monastery |
| 19:37 | Create | Villager (Male) |
| 19:43 | Build | Farm |
| 19:45 | Build | Farm |
| 19:50 | Build | Farm |
| 19:52 | Create | Villager (Male) |
| 19:53 | Create | Villager (Male) |
| 20:00 | Build | Farm |
| 20:04 | Build | Farm |
| 20:06 | Create | Villager (Male) |
| 20:11 | Create | Villager (Male) |
| 20:13 | Create | Monk |
| 20:14 | Create | Monk |
| 20:19 | Build | House |
| 20:20 | Build | House |
| 20:21 | Build | House |
| 20:22 | Build | House |
| 20:23 | Build | House |
| 20:24 | Build | House |
| 20:25 | Create | Villager (Male) |
| 20:26 | Create | Villager (Male) |
| 20:34 | Create | Villager (Male) |
| 20:42 | Create | Villager (Male) |
| 20:45 | Build | Farm |
| 20:48 | Build | Farm |
| 20:51 | Create | Villager (Male) |
| 20:53 | Create | Villager (Male) |
| 21:00 | Build | Farm |
| 21:02 | Create | Villager (Male) |
| 21:08 | Create | Villager (Male) |
| 21:19 | Create | Villager (Male) |
| 21:21 | Create | Villager (Male) |
| 21:25 | Create | Villager (Male) |
| 21:31 | Build | Town Center |
| 21:39 | Create | Villager (Male) |
| 21:40 | Create | Villager (Male) |
| 21:49 | Create | Villager (Male) |
| 21:53 | Build | Farm |
| 21:54 | Create | Villager (Male) |
| 22:00 | Create | Villager (Male) |
| 22:03 | Build | Farm |
| 22:08 | Build | Farm |
| 22:11 | Create | Villager (Male) |
| 22:15 | Create | Villager (Male) |
| 22:16 | Create | Villager (Male) |
| 22:25 | Create | Villager (Male) |
| 22:30 | Create | Villager (Male) |
| 22:47 | Create | Villager (Male) |
| 22:51 | Create | Villager (Male) |
| 23:02 | Build | Farm |
| 23:05 | Build | Farm |
| 23:06 | Build | Farm |
| 23:07 | Build | Farm |
| 23:09 | Build | Farm |
| 23:11 | Build | Farm |
| 23:14 | Create | Villager (Male) |
| 23:18 | Create | Villager (Male) |
| 23:20 | Research | Wheelbarrow |
| 23:21 | Create | Villager (Male) |
| 23:22 | Create | Villager (Male) |
Build order — MrDaor
86 actions detected in the replay
| 0:26 | Build | House |
| 0:30 | Build | House |
| 0:37 | Create | Villager (Male) |
| 0:38 | Create | Villager (Male) |
| 0:38 | Create | Villager (Male) |
| 0:38 | Create | Villager (Male) |
| 0:39 | Create | Villager (Male) |
| 1:41 | Build | House |
| 1:53 | Create | Villager (Male) |
| 2:10 | Research | Loom |
| 2:44 | Create | Villager (Male) |
| 3:55 | Create | Villager (Male) |
| 3:57 | Create | Villager (Male) |
| 3:58 | Create | Villager (Male) |
| 4:35 | Build | Mill |
| 4:43 | Create | Villager (Male) |
| 5:09 | Create | Villager (Male) |
| 5:36 | Create | Villager (Male) |
| 7:07 | Create | Villager (Male) |
| 7:07 | Create | Villager (Male) |
| 7:25 | Create | Villager (Male) |
| 7:42 | Create | Villager (Male) |
| 8:32 | Create | Villager (Male) |
| 8:33 | Create | Villager (Male) |
| 9:01 | Build | House |
| 9:17 | Create | Villager (Male) |
| 10:19 | Create | Villager (Male) |
| 11:25 | Build | Mill |
| 11:39 | Create | Villager (Male) |
| 11:52 | Build | House |
| 11:58 | Create | Villager (Male) |
| 12:41 | Build | Mining Camp |
| 12:54 | Build | House |
| 13:11 | Research | Feudal Age |
| 13:51 | Create | Villager (Male) |
| 13:53 | Create | Villager (Male) |
| 13:53 | Create | Villager (Male) |
| 14:04 | Build | House |
| 14:49 | Create | Villager (Male) |
| 15:03 | Build | House |
| 15:22 | Age | Feudal Age |
| 15:45 | Build | Barracks |
| 16:03 | Build | Lumber Camp |
| 16:36 | Create | Villager (Male) |
| 16:36 | Create | Villager (Male) |
| 16:59 | Research | Man-at-Arms (upgrade) |
| 17:16 | Research | Double-Bit Axe |
| 17:19 | Create | Villager (Male) |
| 17:20 | Create | Villager (Male) |
| 17:48 | Build | Mining Camp |
| 18:14 | Build | Farm |
| 18:19 | Build | Farm |
| 18:39 | Research | Wheelbarrow |
| 18:40 | Create | Villager (Male) |
| 19:23 | Build | Archery Range |
| 19:29 | Research | Arson |
| 19:30 | Create | Militia |
| 19:35 | Create | Villager (Male) |
| 19:45 | Build | House |
| 19:50 | Build | House |
| 20:00 | Research | Horse Collar |
| 20:32 | Build | Stable |
| 21:00 | Create | Villager (Male) |
| 21:00 | Create | Villager (Male) |
| 21:10 | Build | Farm |
| 21:26 | Research | Bloodlines |
| 21:27 | Create | Scout Cavalry |
| 21:34 | Create | Archer |
| 21:37 | Create | Militia |
| 22:05 | Create | Villager (Male) |
| 22:05 | Create | Villager (Male) |
| 22:18 | Build | Blacksmith |
| 22:22 | Build | House |
| 22:37 | Build | Farm |
| 22:43 | Build | Farm |
| 23:17 | Build | House |
| 23:22 | Build | House |
| 23:46 | Create | Scout Cavalry |
| 23:47 | Create | Scout Cavalry |
| 23:50 | Create | Militia |
| 23:51 | Create | Spearman |
| 23:55 | Create | Archer |
| 24:03 | Research | Scale Barding Armor |
| 24:03 | Research | Scale Mail Armor |
| 24:16 | Build | Farm |
| 24:22 | Build | Farm |
Build order — Mr.金大班
100 actions detected in the replay
| 0:03 | Build | House |
| 0:05 | Build | House |
| 0:06 | Create | Villager (Male) |
| 0:06 | Create | Villager (Male) |
| 0:12 | Create | Villager (Male) |
| 0:12 | Create | Villager (Male) |
| 1:10 | Research | Loom |
| 1:10 | Research | Loom |
| 1:17 | Create | Villager (Male) |
| 1:28 | Create | Villager (Male) |
| 1:28 | Create | Villager (Male) |
| 1:42 | Build | Palisade Wall |
| 1:43 | Build | Palisade Gate |
| 2:22 | Create | Villager (Male) |
| 2:42 | Create | Villager (Male) |
| 3:14 | Build | Lumber Camp |
| 3:20 | Create | Villager (Male) |
| 3:20 | Create | Villager (Male) |
| 3:29 | Create | Villager (Male) |
| 3:29 | Create | Villager (Male) |
| 4:06 | Create | Villager (Male) |
| 4:06 | Create | Villager (Male) |
| 4:22 | Build | House |
| 5:00 | Build | Palisade Wall |
| 5:01 | Build | Palisade Gate |
| 5:07 | Create | Villager (Male) |
| 5:10 | Create | Villager (Male) |
| 5:43 | Build | Mill |
| 5:57 | Create | Villager (Male) |
| 5:57 | Create | Villager (Male) |
| 5:57 | Create | Villager (Male) |
| 6:19 | Build | House |
| 6:26 | Build | House |
| 6:34 | Create | Villager (Male) |
| 6:34 | Create | Villager (Male) |
| 7:14 | Create | Villager (Male) |
| 7:15 | Create | Villager (Male) |
| 9:18 | Research | Feudal Age |
| 9:32 | Build | Barracks |
| 9:54 | Build | Mining Camp |
| 10:26 | Create | Militia |
| 10:27 | Create | Militia |
| 10:27 | Create | Militia |
| 11:10 | Build | Farm |
| 11:10 | Build | Farm |
| 11:11 | Build | Farm |
| 11:11 | Build | Farm |
| 11:28 | Age | Feudal Age |
| 11:51 | Research | Man-at-Arms (upgrade) |
| 12:21 | Build | House |
| 12:23 | Create | Villager (Male) |
| 12:39 | Create | Villager (Male) |
| 12:39 | Create | Villager (Male) |
| 12:47 | Build | House |
| 13:12 | Create | Villager (Male) |
| 13:17 | Build | Farm |
| 13:19 | Build | Farm |
| 13:37 | Create | Spearman |
| 14:15 | Build | Palisade Wall |
| 14:44 | Research | Arson |
| 15:01 | Build | Lumber Camp |
| 15:09 | Build | House |
| 15:17 | Create | Villager (Male) |
| 15:24 | Create | Villager (Male) |
| 15:47 | Build | Farm |
| 15:48 | Build | Farm |
| 15:56 | Build | Farm |
| 16:23 | Build | Farm |
| 17:02 | Build | Market |
| 17:50 | Research | Castle Age |
| 18:24 | Research | Double-Bit Axe |
| 18:24 | Research | Horse Collar |
| 19:19 | Build | Mining Camp |
| 20:30 | Age | Castle Age |
| 20:32 | Create | Villager (Male) |
| 20:55 | Build | Siege Workshop |
| 21:00 | Create | Villager (Male) |
| 21:00 | Create | Villager (Male) |
| 21:05 | Build | House |
| 21:07 | Build | House |
| 21:08 | Build | House |
| 21:19 | Research | Bow Saw |
| 21:22 | Create | Villager (Male) |
| 21:22 | Create | Villager (Male) |
| 21:25 | Build | Town Center |
| 21:37 | Build | House |
| 21:38 | Build | House |
| 21:46 | Create | Mangonel |
| 21:52 | Build | Stable |
| 22:25 | Build | House |
| 22:25 | Build | House |
| 22:54 | Create | Knight ×4 |
| 23:40 | Create | Mangonel |
| 23:43 | Build | House |
| 23:44 | Create | Villager (Male) |
| 23:47 | Build | House |
| 23:48 | Build | House |
| 23:49 | Build | House |
| 24:03 | Build | Blacksmith |
| 24:18 | Create | Villager (Male) |
Build order — 旺德發
129 actions detected in the replay
| 0:02 | Research | Loom |
| 0:02 | Create | Villager (Male) |
| 0:02 | Create | Villager (Male) |
| 0:02 | Create | Villager (Male) |
| 0:03 | Create | Villager (Male) |
| 0:03 | Build | House |
| 0:04 | Build | House |
| 0:49 | Build | Palisade Wall |
| 1:42 | Build | Palisade Wall |
| 2:04 | Create | Villager (Male) |
| 2:33 | Create | Villager (Male) |
| 3:06 | Create | Villager (Male) |
| 3:31 | Create | Villager (Male) |
| 3:58 | Create | Villager (Male) |
| 4:02 | Build | House |
| 4:25 | Create | Villager (Male) |
| 4:25 | Create | Villager (Male) |
| 4:42 | Create | Villager (Male) |
| 4:46 | Build | Lumber Camp |
| 5:05 | Create | Villager (Male) |
| 5:43 | Create | Villager (Male) |
| 6:44 | Create | Villager (Male) |
| 6:44 | Create | Villager (Male) |
| 6:45 | Create | Villager (Male) |
| 6:50 | Build | Mill |
| 7:37 | Build | House |
| 7:58 | Research | Feudal Age |
| 8:05 | Build | Mining Camp |
| 8:51 | Create | Villager (Male) |
| 8:51 | Create | Villager (Male) |
| 9:33 | Create | Villager (Male) |
| 9:44 | Build | Barracks |
| 10:08 | Age | Feudal Age |
| 10:12 | Research | Double-Bit Axe |
| 10:31 | Create | Militia |
| 10:31 | Create | Militia |
| 10:32 | Create | Militia |
| 10:42 | Build | House |
| 10:56 | Research | Man-at-Arms (upgrade) |
| 11:07 | Create | Villager (Male) |
| 11:10 | Research | Gold Mining |
| 11:52 | Build | Archery Range |
| 12:01 | Create | Villager (Male) |
| 12:02 | Create | Villager (Male) |
| 12:06 | Research | Gold Mining |
| 12:18 | Create | Militia |
| 12:18 | Create | Militia |
| 12:34 | Create | Villager (Male) |
| 12:38 | Build | House |
| 12:39 | Build | House |
| 13:51 | Build | Blacksmith |
| 13:52 | Create | Archer |
| 14:19 | Create | Villager (Male) |
| 14:19 | Create | Villager (Male) |
| 14:57 | Create | Archer |
| 14:57 | Create | Archer |
| 14:59 | Research | Fletching |
| 15:00 | Build | House |
| 15:01 | Build | House |
| 15:11 | Build | House |
| 15:11 | Build | House |
| 15:32 | Create | Villager (Male) |
| 15:33 | Create | Villager (Male) |
| 15:36 | Research | Padded Archer Armor |
| 15:42 | Create | Archer |
| 15:42 | Create | Archer |
| 16:07 | Build | Farm |
| 16:08 | Build | Farm |
| 16:09 | Build | Farm |
| 16:09 | Build | Farm |
| 16:10 | Build | Farm |
| 16:15 | Build | House |
| 16:19 | Build | Archery Range |
| 16:35 | Create | Villager (Male) |
| 16:35 | Create | Villager (Male) |
| 16:40 | Create | Villager (Male) |
| 16:42 | Build | Farm |
| 16:42 | Build | Farm |
| 17:15 | Research | Horse Collar |
| 17:48 | Build | Farm |
| 17:49 | Build | Farm |
| 17:50 | Build | Farm |
| 17:51 | Build | Farm |
| 17:51 | Build | Farm |
| 17:56 | Create | Villager (Male) |
| 17:56 | Create | Villager (Male) |
| 18:06 | Create | Archer |
| 18:06 | Create | Archer |
| 18:09 | Build | House |
| 18:21 | Create | Villager (Male) |
| 18:50 | Build | House |
| 19:18 | Research | Wheelbarrow |
| 19:19 | Create | Villager (Male) |
| 19:19 | Create | Villager (Male) |
| 19:21 | Create | Archer |
| 19:21 | Create | Archer |
| 19:21 | Create | Archer |
| 19:22 | Create | Archer |
| 20:11 | Create | Villager (Male) |
| 20:12 | Create | Villager (Male) |
| 20:33 | Create | Archer |
| 20:33 | Create | Archer |
| 20:34 | Create | Archer |
| 20:34 | Create | Archer |
| 20:37 | Build | House |
| 21:04 | Build | Farm |
| 21:06 | Create | Villager (Male) |
| 21:06 | Create | Villager (Male) |
| 21:07 | Build | House |
| 21:08 | Build | House |
| 21:50 | Build | Farm |
| 21:53 | Build | Farm |
| 21:59 | Create | Villager (Male) |
| 22:21 | Build | House |
| 22:21 | Build | House |
| 22:35 | Build | Farm |
| 22:38 | Build | Mining Camp |
| 22:42 | Build | Farm |
| 23:13 | Build | Farm |
| 23:14 | Research | Castle Age |
| 23:41 | Build | Lumber Camp |
| 23:59 | Build | Stable |
| 24:07 | Create | Archer |
| 24:08 | Create | Archer |
| 24:08 | Create | Archer |
| 24:09 | Create | Archer |
| 24:10 | Create | Archer |
| 24:10 | Create | Archer |
| 24:12 | Research | Scale Mail Armor |
Build order — ramizeta
First 150 of 152 actions detected
| 0:01 | Create | Villager (Male) |
| 0:01 | Create | Villager (Male) |
| 0:01 | Create | Villager (Male) |
| 0:02 | Create | Villager (Male) |
| 0:02 | Create | Villager (Male) |
| 0:04 | Build | House |
| 0:07 | Build | House |
| 1:06 | Research | Loom |
| 1:39 | Create | Villager (Male) |
| 1:39 | Create | Villager (Male) |
| 1:39 | Create | Villager (Male) |
| 2:03 | Create | Villager (Male) |
| 2:03 | Create | Villager (Male) |
| 2:22 | Build | Lumber Camp |
| 2:26 | Create | Villager (Male) |
| 2:26 | Create | Villager (Male) |
| 3:02 | Create | Villager (Male) |
| 3:02 | Create | Villager (Male) |
| 3:02 | Create | Villager (Male) |
| 3:45 | Create | Villager (Male) |
| 3:45 | Create | Villager (Male) |
| 3:45 | Create | Villager (Male) |
| 3:59 | Create | Villager (Male) |
| 3:59 | Create | Villager (Male) |
| 4:09 | Build | House |
| 4:40 | Create | Villager (Male) |
| 4:41 | Create | Villager (Male) |
| 4:41 | Create | Villager (Male) |
| 5:22 | Create | Villager (Male) |
| 5:22 | Create | Villager (Male) |
| 5:22 | Create | Villager (Male) |
| 5:22 | Create | Villager (Male) |
| 5:23 | Create | Villager (Male) |
| 6:00 | Create | Villager (Male) |
| 6:00 | Create | Villager (Male) |
| 6:00 | Create | Villager (Male) |
| 6:01 | Create | Villager (Male) |
| 7:01 | Create | Villager (Male) |
| 7:01 | Create | Villager (Male) |
| 7:02 | Create | Villager (Male) |
| 7:16 | Create | Villager (Male) |
| 7:32 | Build | House |
| 9:05 | Build | Mill |
| 9:19 | Create | Villager (Male) |
| 9:37 | Research | Feudal Age |
| 10:10 | Build | Lumber Camp |
| 10:35 | Build | Mill |
| 11:13 | Create | Villager (Male) |
| 11:17 | Build | House |
| 11:52 | Build | Mining Camp |
| 11:54 | Age | Feudal Age |
| 11:59 | Create | Villager (Male) |
| 11:59 | Create | Villager (Male) |
| 12:11 | Build | Blacksmith |
| 12:56 | Build | Market |
| 13:02 | Create | Villager (Male) |
| 13:02 | Create | Villager (Male) |
| 13:14 | Build | House |
| 13:15 | Build | House |
| 14:52 | Research | Castle Age |
| 15:02 | Research | Double-Bit Axe |
| 15:12 | Build | Mining Camp |
| 16:09 | Create | Villager (Male) |
| 16:09 | Create | Villager (Male) |
| 16:35 | Research | Horse Collar |
| 16:55 | Build | Lumber Camp |
| 17:16 | Build | Farm |
| 17:18 | Build | Farm |
| 17:32 | Age | Castle Age |
| 17:33 | Build | Farm |
| 17:34 | Build | Farm |
| 17:35 | Build | Farm |
| 17:36 | Create | Villager (Male) |
| 17:51 | Build | Town Center |
| 17:59 | Build | Town Center |
| 18:10 | Build | Town Center |
| 18:47 | Build | Stone Wall |
| 18:56 | Create | Villager (Male) |
| 18:56 | Create | Villager (Male) |
| 18:56 | Create | Villager (Male) |
| 18:56 | Create | Villager (Male) |
| 18:57 | Create | Villager (Male) |
| 18:57 | Create | Villager (Male) |
| 18:57 | Create | Villager (Male) |
| 18:57 | Create | Villager (Male) |
| 18:58 | Create | Villager (Male) |
| 18:58 | Create | Villager (Male) |
| 18:58 | Create | Villager (Male) |
| 19:16 | Create | Villager (Male) |
| 19:16 | Create | Villager (Male) |
| 19:16 | Create | Villager (Male) |
| 19:23 | Build | Farm |
| 19:25 | Build | Farm |
| 19:26 | Build | Farm |
| 19:36 | Build | Farm |
| 19:41 | Build | Farm |
| 19:44 | Build | Farm |
| 19:49 | Build | Farm |
| 20:18 | Build | Farm |
| 20:19 | Build | Farm |
| 20:29 | Research | Heavy Plow |
| 20:37 | Build | Farm |
| 20:39 | Build | Farm |
| 21:02 | Research | Wheelbarrow |
| 21:02 | Research | Wheelbarrow |
| 21:03 | Research | Wheelbarrow |
| 21:10 | Build | Farm |
| 21:12 | Build | Farm |
| 21:15 | Build | Farm |
| 22:24 | Create | Villager (Male) |
| 22:24 | Create | Villager (Male) |
| 22:24 | Create | Villager (Male) |
| 22:25 | Create | Villager (Male) |
| 22:25 | Create | Villager (Male) |
| 22:25 | Create | Villager (Male) |
| 22:25 | Create | Villager (Male) |
| 22:25 | Create | Villager (Male) |
| 22:26 | Create | Villager (Male) |
| 22:26 | Create | Villager (Male) |
| 22:38 | Build | Farm |
| 22:45 | Build | Farm |
| 22:47 | Build | Farm |
| 22:49 | Build | Farm |
| 22:52 | Build | Farm |
| 22:57 | Create | Villager (Male) |
| 22:57 | Create | Villager (Male) |
| 22:57 | Create | Villager (Male) |
| 22:57 | Create | Villager (Male) |
| 22:58 | Create | Villager (Male) |
| 22:58 | Create | Villager (Male) |
| 22:58 | Create | Villager (Male) |
| 23:07 | Build | Farm |
| 23:09 | Build | Farm |
| 23:10 | Build | Farm |
| 23:16 | Build | Farm |
| 23:18 | Build | Farm |
| 23:41 | Create | Villager (Male) |
| 23:41 | Create | Villager (Male) |
| 23:42 | Create | Villager (Male) |
| 23:42 | Create | Villager (Male) |
| 23:42 | Create | Villager (Male) |
| 23:42 | Create | Villager (Male) |
| 23:42 | Create | Villager (Male) |
| 23:43 | Create | Villager (Male) |
| 23:51 | Build | House |
| 23:52 | Build | House |
| 23:54 | Build | House |
| 23:55 | Build | House |
| 23:56 | Build | House |
| 23:57 | Build | House |
Build order — michelakus
75 actions detected in the replay
| 0:05 | Build | House |
| 0:06 | Create | Villager (Male) |
| 0:07 | Create | Villager (Male) |
| 0:07 | Create | Villager (Male) |
| 0:07 | Create | Villager (Male) |
| 0:39 | Research | Loom |
| 0:57 | Build | Palisade Wall |
| 1:48 | Build | House |
| 2:12 | Create | Villager (Male) |
| 2:13 | Create | Villager (Male) |
| 2:13 | Create | Villager (Male) |
| 2:51 | Create | Villager (Male) |
| 3:29 | Create | Villager (Male) |
| 3:29 | Create | Villager (Male) |
| 3:29 | Create | Villager (Male) |
| 4:03 | Build | Lumber Camp |
| 4:13 | Create | Villager (Male) |
| 4:14 | Create | Villager (Male) |
| 4:14 | Create | Villager (Male) |
| 4:45 | Create | Villager (Male) |
| 4:51 | Build | House |
| 5:26 | Create | Villager (Male) |
| 5:26 | Create | Villager (Male) |
| 5:43 | Build | House |
| 6:03 | Create | Villager (Male) |
| 6:03 | Create | Villager (Male) |
| 6:43 | Create | Villager (Male) |
| 6:43 | Create | Villager (Male) |
| 6:44 | Create | Villager (Male) |
| 6:52 | Build | House |
| 7:52 | Build | Mill |
| 7:56 | Create | Villager (Male) |
| 7:57 | Create | Villager (Male) |
| 7:57 | Create | Villager (Male) |
| 7:57 | Create | Villager (Male) |
| 7:57 | Create | Villager (Male) |
| 8:42 | Create | Villager (Male) |
| 8:42 | Create | Villager (Male) |
| 9:44 | Build | Mill |
| 10:32 | Create | Villager (Male) |
| 11:01 | Research | Feudal Age |
| 11:34 | Build | Mining Camp |
| 12:00 | Build | Barracks |
| 12:20 | Build | Palisade Wall |
| 13:17 | Create | Militia |
| 13:17 | Create | Militia |
| 13:18 | Create | Militia |
| 13:26 | Age | Feudal Age |
| 13:37 | Build | Lumber Camp |
| 13:56 | Create | Militia |
| 13:59 | Create | Villager (Male) |
| 13:59 | Create | Villager (Male) |
| 14:00 | Create | Villager (Male) |
| 14:00 | Create | Villager (Male) |
| 15:18 | Create | Spearman |
| 15:19 | Create | Spearman |
| 16:19 | Build | Blacksmith |
| 16:24 | Build | Stable |
| 16:54 | Build | House |
| 16:59 | Build | House |
| 17:08 | Build | Watch Tower |
| 18:01 | Build | Market |
| 18:08 | Create | Scout Cavalry |
| 18:09 | Create | Scout Cavalry |
| 18:09 | Create | Scout Cavalry |
| 18:09 | Create | Scout Cavalry |
| 18:10 | Create | Scout Cavalry |
| 18:10 | Create | Scout Cavalry |
| 18:10 | Create | Scout Cavalry |
| 18:20 | Build | Farm |
| 18:31 | Build | Palisade Wall |
| 18:54 | Build | Farm |
| 18:59 | Build | Farm |
| 20:11 | Create | Villager (Male) |
| 20:11 | Create | Villager (Male) |
Match timeline
| 0:49 | 旺德發 · wall_segment Palisade Wall x10 |
| 0:57 | michelakus · wall_segment Palisade Wall x25 |
| 1:42 | Mr.金大班 · wall_segment Palisade Wall x8 |
| 1:42 | 旺德發 · wall_segment Palisade Wall x9 |
| 2:22 | Mr. Nomad · wall_segment Palisade Wall x7 |
| 5:00 | Mr.金大班 · wall_segment Palisade Wall x5 |
| 9:00 | 秦端雨 · first_building Barracks |
| 9:32 | Mr.金大班 · first_building Barracks |
| 9:44 | 旺德發 · first_building Barracks |
| 10:07 | 秦端雨 · age_up feudal |
| 10:08 | 旺德發 · age_up feudal |
| 10:32 | 秦端雨 · first_building Stable |
| 10:41 | Mr. Nomad · age_up feudal |
| 11:08 | Mr. Nomad · wall_segment Stone Wall x1 |
| 11:09 | Mr. Nomad · wall_segment Stone Wall x1 |
| 11:28 | Mr.金大班 · age_up feudal |
| 11:28 | Mr. Nomad · wall_segment Stone Wall x1 |
| 11:35 | Mr. Nomad · wall_segment Stone Wall x4 |
| 11:40 | 秦端雨 · wall_segment Palisade Wall x1 |
| 11:52 | 旺德發 · first_building Archery Range |
| 11:54 | ramizeta · age_up feudal |
| 12:00 | michelakus · first_building Barracks |
| 12:01 | 大腿火热 · age_up feudal |
| 12:14 | Mr. Nomad · wall_segment Stone Wall x1 |
| 12:20 | michelakus · wall_segment Palisade Wall x14 |
| 12:21 | Mr. Nomad · wall_segment Stone Wall x1 |
| 12:33 | Mr. Nomad · wall_segment Stone Wall x6 |
| 13:26 | michelakus · age_up feudal |
| 14:15 | Mr.金大班 · wall_segment Palisade Wall x1 |
| 14:27 | 秦端雨 · age_up castle |
| 14:58 | Mr. Nomad · wall_segment Stone Wall x1 |
| 15:18 | Mr. Nomad · wall_segment Stone Wall x1 |
| 15:22 | MrDaor · age_up feudal |
| 15:40 | 秦端雨 · first_building Monastery |
| 15:45 | MrDaor · first_building Barracks |
| 15:57 | 大腿火热 · age_up castle |
| 16:22 | Mr. Nomad · wall_segment Stone Wall x1 |
| 16:24 | michelakus · first_building Stable |
| 17:29 | Mr. Nomad · age_up castle |
| 17:32 | ramizeta · age_up castle |
| 17:56 | Mr. Nomad · wall_segment Stone Wall x5 |
| 18:21 | Mr.金大班 · first_market_sell 100 wood |
| 18:23 | Mr.金大班 · first_market_buy 100 food |
| 18:31 | michelakus · wall_segment Palisade Wall x10 |
| 18:47 | ramizeta · wall_segment Stone Wall x13 |
| 19:23 | MrDaor · first_building Archery Range |
| 19:24 | 大腿火热 · first_building Monastery |
| 20:20 | Mr. Nomad · wall_segment Palisade Wall x4 |
| 20:30 | Mr.金大班 · age_up castle |
| 20:32 | MrDaor · first_building Stable |
| 20:55 | Mr.金大班 · first_building Siege Workshop |
| 20:55 | Mr. Nomad · wall_segment Stone Wall x1 |
| 21:17 | Mr. Nomad · wall_segment Stone Wall x7 |
| 21:20 | Mr. Nomad · wall_segment Stone Wall x1 |
| 21:20 | Mr. Nomad · wall_segment Stone Wall x1 |
| 21:51 | Mr. Nomad · first_building Castle |
| 21:52 | Mr.金大班 · first_building Stable |
| 23:59 | 旺德發 · first_building Stable |
| 24:08 | 秦端雨 · wall_segment Stone Wall x8 |
| 24:09 | 秦端雨 · wall_segment Stone Wall x1 |
| 24:10 | 秦端雨 · wall_segment Stone Wall x1 |
| 24:11 | 大腿火热 · first_building Barracks |
| 24:15 | michelakus · resign |
[ AI ANALYSIS · 1 CREDIT ]
What really happened in this match?
Wolo.gg analyzes every decision: build order, eco, micro, common mistakes by bracket. Personalized analysis on WhatsApp or Discord in 30 seconds.
Civ guide
Saracens
Map guide
Black Forest
Perfil
Jugador #3398796